[Event "Marshall CC FIDE Premier August 2024"]
[Site "New York"]
[Date "2024.08.05"]
[Round "5.2"]
[White "Hebbar, Eshaan"]
[Black "Nakada, Akira"]
[Result "0-1"]
[ECO "D38"]
[WhiteElo "2191"]
[BlackElo "2417"]
[Annotator "RC"]
[PlyCount "97"]
[EventDate "2024.08.02"]
[EventType "swiss"]
[EventCountry "USA"]
[SourceTitle "playchess.com"]
[Source "ChessBase"]
[SourceQuality "1"]
[TimeControl "5400+30"]

1. d4 Nf6 2. c4 e6 3. Nf3 d5 4. Nc3 Bb4 5. Bg5 h6 6. Bxf6 Qxf6 7. e3 O-O 8. Rc1 Nc6 9. cxd5 exd5 10. a3 Bxc3+ 11. Rxc3 Ne7 12. Ne5 c6 13. Bd3 Bf5 14. O-O Nc8 15. b4 Nd6 16. a4 a6 17. Qb1 Bxd3 18. Qxd3 Qg5 19. Rc2 Rfe8 20. Rfc1 h5 21. Qe2 g6 22. Qf3 Qe7 23. Qe2 Kg7 24. Qd3 h4 25. h3 Rh8 26. Qe2 f6 27. Nd3 g5 28. Qg4 Rae8 29. Re1 Qe6 30. Qxe6 Rxe6 31. Nc5 Re7 32. Kf1 Rhe8 33. Ke2 f5 34. Nd3 Nc4 35. Kf1 Kf6 36. Nb2 b5 37. Nxc4 bxc4 38. Ke2 f4 39. Kd2 Kf5 40. Ra2 Rb7 41. Kc3 Reb8 42. Rb2 a5 43. Reb1 fxe3 44. fxe3 axb4+ 45. Rxb4 Rxb4 46. Rxb4 Ra8 47. Kd2 Ke4 48. Ke2 Ra7 49. Kf2 0-1

[Event "Marshall CC FIDE Premier August 2024"]
[Site "New York"]
[Date "2024.08.05"]
[Round "5.3"]
[White "Muthukumar, Haari"]
[Black "Ling, Chenxuan"]
[Result "1-0"]
[ECO "B33"]
[WhiteElo "2125"]
[BlackElo "1941"]
[Annotator "RC"]
[PlyCount "89"]
[EventDate "2024.08.02"]
[EventType "swiss"]
[EventCountry "USA"]
[SourceTitle "playchess.com"]
[Source "ChessBase"]
[SourceQuality "1"]
[TimeControl "5400+30"]

1. e4 c5 2. Nf3 Nc6 3. d4 cxd4 4. Nxd4 Nf6 5. Nc3 e5 6. Ndb5 d6 7. Nd5 Nxd5 8. exd5 Nb8 9. a4 Be7 10. Be2 O-O 11. Bd2 f5 12. O-O Nd7 13. a5 a6 14. Na3 Qc7 15. Nc4 Qb8 16. Bb4 Rf7 17. Qd3 b5 18. axb6 Nxb6 19. Na5 Qc7 20. Nc6 Bb7 21. Nxe7+ Qxe7 22. c4 Nd7 23. Qa3 Rf6 24. Bd2 h6 25. b4 Kh7 26. Rac1 Rc8 27. Rfd1 Nf8 28. Be1 Ng6 29. g3 Qf7 30. Qd3 Ne7 31. Bc3 Qg6 32. f4 e4 33. Qd4 Rf7 34. Bb2 h5 35. Qb6 Ng8 36. c5 h4 37. Kg2 Nf6 38. c6 Ba8 39. Bxa6 Re8 40. Bxf6 Qxf6 41. Qd4 Qg6 42. Qe3 Rc7 43. b5 Qg4 44. b6 Rce7 45. c7 1-0

[Event "Marshall CC FIDE Premier August 2024"]
[Site "New York"]
[Date "2024.08.05"]
[Round "5.4"]
[White "Nasta, Kiren Vivek"]
[Black "Safranek, William"]
[Result "0-1"]
[ECO "C63"]
[WhiteElo "2148"]
[BlackElo "2111"]
[Annotator "RC"]
[PlyCount "112"]
[EventDate "2024.08.02"]
[EventType "swiss"]
[EventCountry "USA"]
[SourceTitle "playchess.com"]
[Source "ChessBase"]
[SourceQuality "1"]
[TimeControl "5400+30"]

1. e4 e5 2. Nf3 Nc6 3. Bb5 f5 4. Nc3 fxe4 5. Nxe4 Nf6 6. Nxf6+ Qxf6 7. Qe2 Be7 8. Bxc6 bxc6 9. Nxe5 Bb7 10. d4 O-O-O 11. Qf3 c5 12. Qxf6 Bxf6 13. O-O Rde8 14. c3 cxd4 15. cxd4 d6 16. Ng4 Bxd4 17. Be3 Re4 18. h3 Bxb2 19. Rab1 Bd4 20. Rb3 Bb6 21. Rc1 Rhe8 22. Rbc3 h5 23. Bd4 Bc5 24. Bxc5 Re2 25. Bb6 Re1+ 26. Rxe1 Re7 27. Re2 Rxe2 28. Kh2 Re1 29. Ne3 axb6 30. Nf5 Kd7 31. Nh4 g5 32. Ng6 h4 33. Nf8+ Kd8 34. Nh7 Re5 35. Rc4 Rf5 36. f3 Rf4 37. Rxf4 gxf4 38. Nf8 Bd5 39. Ng6 Bxa2 40. Nxf4 Bc4 41. Kg1 b5 42. Kf2 b4 43. Ke3 Bf1 44. Kd2 c5 45. Kc2 Kd7 46. Kb3 Kc6 47. Ng6 Bxg2 48. Nxh4 Bxh3 49. f4 Kd5 50. Nf3 Bf5 51. Nd2 Kd4 52. Kb2 c4 53. Nf1 c3+ 54. Kb3 Be6+ 55. Kxb4 c2 56. Ng3 Kd3 0-1

[Event "Marshall CC FIDE Premier August 2024"]
[Site "New York"]
[Date "2024.08.05"]
[Round "5.5"]
[White "Nkululeko, Nkosi"]
[Black "Zhu, Linxi"]
[Result "0-1"]
[ECO "D78"]
[WhiteElo "2001"]
[BlackElo "2129"]
[Annotator "RC"]
[PlyCount "108"]
[EventDate "2024.08.02"]
[EventType "swiss"]
[EventCountry "USA"]
[SourceTitle "playchess.com"]
[Source "ChessBase"]
[SourceQuality "1"]
[TimeControl "5400+30"]

1. Nf3 Nf6 2. g3 g6 3. Bg2 Bg7 4. O-O O-O 5. c4 c6 6. d4 d5 7. Nc3 Bf5 8. Nh4 Be6 9. Re1 Nbd7 10. h3 Nb6 11. c5 Nbd7 12. f4 Ne4 13. Kh2 Ndf6 14. Qc2 Qd7 15. e3 Bf5 16. Nxf5 gxf5 17. Ne2 Kh8 18. Bf3 Rg8 19. Bd2 Bf8 20. Rg1 Rg6 21. Rg2 Rh6 22. Rh1 e6 23. Kg1 Be7 24. g4 Nxd2 25. Qxd2 Ne4 26. Qe1 Bh4 27. Qc1 Rg8 28. Kf1 Rhg6 29. Bxe4 fxe4 30. Ng3 f5 31. g5 h6 32. Qd1 hxg5 33. Qh5+ Qh7 34. Qxh7+ Kxh7 35. Ne2 gxf4 36. Rxg6 Rxg6 37. Nxf4 Rg3 38. Ke2 Bg5 39. Rb1 Bxf4 40. exf4 Rxh3 41. b4 Rd3 42. b5 Rxd4 43. bxc6 bxc6 44. Rb7+ Kg6 45. Rc7 Rc4 46. Rxc6 Kf6 47. Rc8 d4 48. c6 Rc2+ 49. Kd1 d3 50. c7 Ke7 51. Rd8 Rxc7 52. Rh8 e3 53. a4 e2+ 54. Kd2 Rc1 0-1